| TOP OF THE 1ST |
|
Montgomery Rebels batting - Pitching for Asheville Tourists : RHP Victor Cruz
|
|
Pitching: RHP Victor Cruz
|
|
|
Batting: SHB Arthur Fischetti
|
0-0: Called Strike 0-1: Ground out U3 (Groundball, 34, EV 81.3 MPH)
|
|
Batting: LHB Dwayne Murphy
|
0-0: Called Strike 0-1: Swinging Strike 0-2: Strikes out swinging
|
|
Batting: LHB Ray Crowley
|
0-0: Ball 1-0: Swinging Strike 1-1: Swinging Strike 1-2: Ball 2-2: Foul Ball, location: 2F 2-2: Ball 3-2: Strikes out swinging
|
| Top of the 1st over - 0 runs, 0 hits, 0 errors, 0 left on base; Montgomery 0 - Asheville 0 |
| BOTTOM OF THE 1ST |
|
Asheville Tourists batting - Pitching for Montgomery Rebels : RHP Ricardo Posada
|
|
Pitching: RHP Ricardo Posada
|
|
|
Batting: RHB Ulises Infante
|
0-0: Foul Ball, location: 2F 0-1: Ball 1-1: Ball 2-1: Fly out, F8 (Flyball, 8RXD, EV 86.9 MPH)
|
|
Batting: LHB Elias Nava
|
0-0: Ball 1-0: Foul Ball, location: 2F 1-1: Foul Ball, location: 2F 1-2: Strikes out swinging
|
|
Batting: LHB Michael Wishnevski
|
0-0: Ball 1-0: Ball 2-0: Ball 3-0: Base on Balls
|
|
Batting: SHB Dan Hanggie
|
0-0: Foul Ball, location: 2F 0-1: Fly out, F2 (Popup, 2LF, EV 96.3 MPH)
|
| Bottom of the 1st over - 0 runs, 0 hits, 0 errors, 1 left on base; Montgomery 0 - Asheville 0 |
| TOP OF THE 2ND |
|
Montgomery Rebels batting - Pitching for Asheville Tourists : RHP Victor Cruz
|
|
Batting: RHB Milt Jefferson
|
0-0: Called Strike 0-1: Ball 1-1: Fly out, F9 (Flyball, 89S, EV 77.5 MPH)
|
|
Batting: RHB Nate Tria
|
0-0: Foul Ball, location: 2F 0-1: Foul Ball, location: 2F 0-2: Ground out 3-1 (Groundball, 23, EV 83.1 MPH)
|
|
Batting: RHB Roberto Palacios
|
0-0: Called Strike 0-1: Called Strike 0-2: Ball 1-2: Foul Ball, location: 2F 1-2: Fly out, F9 (Line Drive, 9, EV 90.6 MPH)
|
| Top of the 2nd over - 0 runs, 0 hits, 0 errors, 0 left on base; Montgomery 0 - Asheville 0 |
| BOTTOM OF THE 2ND |
|
Asheville Tourists batting - Pitching for Montgomery Rebels : RHP Ricardo Posada
|
|
Batting: LHB Donald Mazzilli
|
0-0: Called Strike 0-1: Ball 1-1: Ball 2-1: Ball 3-1: Foul Ball, location: 2F 3-2: SINGLE (Line Drive, 6D, EV 99.4 MPH)
|
|
Batting: RHB Gareth Ledbetter
|
0-0: Swinging Strike 0-1: Ball 1-1: Swinging Strike 1-2: Strikes out swinging
|
|
Batting: LHB Daniel McInerny
|
0-0: Grounds into double play, 4-6-3 (Groundball, 34D, EV 79.4 MPH)
|
| Bottom of the 2nd over - 0 runs, 1 hit, 0 errors, 0 left on base; Montgomery 0 - Asheville 0 |
| TOP OF THE 3RD |
|
Montgomery Rebels batting - Pitching for Asheville Tourists : RHP Victor Cruz
|
|
Batting: RHB Jeff Schumaker
|
0-0: Foul Ball, location: 2F 0-1: Foul Ball, location: 2F 0-2: Ball 1-2: Strikes out swinging
|
|
Batting: SHB Mike Thorpe
|
0-0: Foul Ball, location: 2F 0-1: Fly out, F8 (Flyball, 8RS, EV 75.0 MPH)
|
|
Batting: RHB Mike Colbern
|
0-0: Ball 1-0: Ground out 6-3 (Groundball, 6, EV 78.8 MPH)
|
| Top of the 3rd over - 0 runs, 0 hits, 0 errors, 0 left on base; Montgomery 0 - Asheville 0 |
| BOTTOM OF THE 3RD |
|
Asheville Tourists batting - Pitching for Montgomery Rebels : RHP Ricardo Posada
|
|
Batting: RHB Tony Toups
|
0-0: Called Strike 0-1: Ball 1-1: Called Strike 1-2: Ground out 1-3 (Groundball, 13S, EV 73.1 MPH)
|
|
Batting: SHB Wayne Simmons
|
0-0: SINGLE (Groundball, 4MD, EV 104.4 MPH)
|
|
Batting: RHB Ulises Infante
|
0-0: Fly out, F8 (Flyball, 8RXD, EV 99.4 MPH) Runner from 1st tags up, SAFE at 2nd
|
|
Batting: LHB Elias Nava
|
0-0: Ball 1-0: Ground out 4-3 (Groundball, 4, EV 83.8 MPH)
|
| Bottom of the 3rd over - 0 runs, 1 hit, 0 errors, 1 left on base; Montgomery 0 - Asheville 0 |
| TOP OF THE 4TH |
|
Montgomery Rebels batting - Pitching for Asheville Tourists : RHP Victor Cruz
|
|
Batting: SHB Arthur Fischetti
|
0-0: Ball 1-0: Foul Ball, location: 2F 1-1: Foul Ball, location: 2F 1-2: Foul Ball, location: 2F 1-2: Strikes out looking
|
|
Batting: LHB Dwayne Murphy
|
0-0: Ball 1-0: Fly out, F8 (Flyball, 8RS, EV 87.5 MPH)
|
|
Batting: LHB Ray Crowley
|
0-0: Ball 1-0: Ground out 5-3 (Groundball, 56, EV 93.1 MPH)
|
| Top of the 4th over - 0 runs, 0 hits, 0 errors, 0 left on base; Montgomery 0 - Asheville 0 |
| BOTTOM OF THE 4TH |
|
Asheville Tourists batting - Pitching for Montgomery Rebels : RHP Ricardo Posada
|
|
Batting: LHB Michael Wishnevski
|
0-0: Ground out U3 (Groundball, 34S, EV 63.8 MPH)
|
|
Batting: SHB Dan Hanggie
|
0-0: Swinging Strike 0-1: Foul Ball, location: 2F 0-2: Ball 1-2: Strikes out swinging
|
|
Batting: LHB Donald Mazzilli
|
0-0: Called Strike 0-1: Foul Ball, location: 2F 0-2: Ball 1-2: Ball 2-2: SINGLE (Line Drive, 78S, EV 98.8 MPH)
|
|
Batting: RHB Gareth Ledbetter
|
0-0: Ball 1-0: Foul Ball, location: 2F 1-1: Foul Ball, location: 2F 1-2: Strikes out swinging
|
| Bottom of the 4th over - 0 runs, 1 hit, 0 errors, 1 left on base; Montgomery 0 - Asheville 0 |
| TOP OF THE 5TH |
|
Montgomery Rebels batting - Pitching for Asheville Tourists : RHP Victor Cruz
|
|
Batting: RHB Milt Jefferson
|
0-0: Called Strike 0-1: Ball 1-1: Called Strike 1-2: Foul Ball, location: 2F 1-2: Ball 2-2: Ball 3-2: SINGLE (Line Drive, 7S, EV 105.0 MPH)
|
|
Batting: RHB Nate Tria
|
0-0: Ball 1-0: Ball 2-0: Foul Ball, location: 2F 2-1: Foul Ball, location: 2F 2-2: Strikes out swinging
|
|
Batting: RHB Roberto Palacios
|
0-0: Called Strike 0-1: Called Strike 0-2: Strikes out swinging
|
|
Batting: RHB Jeff Schumaker
|
0-0: Ball 1-0: Ball Wild Pitch! Milt Jefferson to second 2-0: Called Strike 2-1: Foul Ball, location: 2F 2-2: Strikes out swinging
|
| Top of the 5th over - 0 runs, 1 hit, 0 errors, 1 left on base; Montgomery 0 - Asheville 0 |
| BOTTOM OF THE 5TH |
|
Asheville Tourists batting - Pitching for Montgomery Rebels : RHP Ricardo Posada
|
|
Batting: LHB Daniel McInerny
|
0-0: Called Strike 0-1: Ball 1-1: Foul Ball, location: 2F 1-2: Ball 2-2: Ball 3-2: Base on Balls
|
|
Batting: RHB Tony Toups
|
0-0: Bunt missed! 0-1: Bunted foul 0-2: SINGLE (Groundball, 6MS, EV 70.0 MPH) (infield hit) Daniel McInerny to second
|
|
Batting: SHB Wayne Simmons
|
0-0: Bunt missed! 0-1: Sac Bunt to 15 - play at first, batter OUT! 1-4 Daniel McInerny to third Tony Toups to second
|
|
Batting: RHB Ulises Infante
|
0-0: Foul Ball, location: 2F 0-1: Ball 1-1: Swinging Strike 1-2: Ball 2-2: Strikes out swinging
|
|
Batting: LHB Elias Nava
|
0-0: Ground out 4-3 (Groundball, 4, EV 85.6 MPH)
|
| Bottom of the 5th over - 0 runs, 1 hit, 0 errors, 2 left on base; Montgomery 0 - Asheville 0 |
| TOP OF THE 6TH |
|
Montgomery Rebels batting - Pitching for Asheville Tourists : RHP Victor Cruz
|
|
Batting: SHB Mike Thorpe
|
0-0: Foul Ball, location: 2F 0-1: Swinging Strike 0-2: Ball 1-2: Foul Ball, location: 2F 1-2: Foul Ball, location: 2F 1-2: Ball 2-2: Fly out, F7 (Flyball, 78S, EV 87.5 MPH)
|
|
Batting: RHB Mike Colbern
|
0-0: Ball 1-0: Ball 2-0: Swinging Strike 2-1: Called Strike 2-2: Strikes out looking
|
|
Batting: SHB Arthur Fischetti
|
0-0: Fly out, F8 (Flyball, 8RM, EV 80.0 MPH)
|
| Top of the 6th over - 0 runs, 0 hits, 0 errors, 0 left on base; Montgomery 0 - Asheville 0 |
| BOTTOM OF THE 6TH |
|
Asheville Tourists batting - Pitching for Montgomery Rebels : RHP Ricardo Posada
|
|
Batting: LHB Michael Wishnevski
|
0-0: Ball 1-0: Ball 2-0: Swinging Strike 2-1: Swinging Strike 2-2: Strikes out swinging
|
|
Batting: SHB Dan Hanggie
|
0-0: Ball 1-0: Called Strike 1-1: Ball 2-1: Fly out, F9 (Flyball, 9LS, EV 71.3 MPH)
|
|
Batting: LHB Donald Mazzilli
|
0-0: Ball 1-0: Called Strike 1-1: Foul Ball, location: 2F 1-2: Foul Ball, location: 2F 1-2: Ball 2-2: Strikes out swinging
|
| Bottom of the 6th over - 0 runs, 0 hits, 0 errors, 0 left on base; Montgomery 0 - Asheville 0 |
| TOP OF THE 7TH |
|
Montgomery Rebels batting - Pitching for Asheville Tourists : RHP Victor Cruz
|
|
Batting: LHB Dwayne Murphy
|
0-0: Called Strike 0-1: Foul Ball, location: 2F 0-2: Strikes out swinging
|
|
Batting: LHB Ray Crowley
|
0-0: Ball 1-0: Fly out, F9 (Flyball, 9LM, EV 85.6 MPH)
|
|
Batting: RHB Milt Jefferson
|
0-0: Ball 1-0: Ball 2-0: Fly out, F9 (Flyball, 89S, EV 95.6 MPH)
|
| Top of the 7th over - 0 runs, 0 hits, 0 errors, 0 left on base; Montgomery 0 - Asheville 0 |
| BOTTOM OF THE 7TH |
|
Asheville Tourists batting - Pitching for Montgomery Rebels : RHP Ricardo Posada
|
|
Batting: RHB Gareth Ledbetter
|
0-0: Ball 1-0: Ground out 4-3 (Groundball, 4, EV 80.6 MPH)
|
|
Batting: LHB Daniel McInerny
|
0-0: Called Strike 0-1: Swinging Strike 0-2: Ball 1-2: Fly out, F7 (Flyball, 7, EV 89.4 MPH)
|
|
Batting: RHB Tony Toups
|
0-0: Called Strike 0-1: Foul Ball, location: 2F 0-2: Ball 1-2: Ball 2-2: Strikes out looking
|
| Bottom of the 7th over - 0 runs, 0 hits, 0 errors, 0 left on base; Montgomery 0 - Asheville 0 |
| TOP OF THE 8TH |
|
Montgomery Rebels batting - Pitching for Asheville Tourists : RHP Victor Cruz
|
|
Batting: RHB Nate Tria
|
0-0: Called Strike 0-1: Ball 1-1: Ball 2-1: Foul Ball, location: 2F 2-2: Ball 3-2: Strikes out swinging
|
|
Batting: RHB Roberto Palacios
|
0-0: Ball 1-0: Called Strike 1-1: Swinging Strike 1-2: Foul Ball, location: 2F 1-2: Ball 2-2: Ball 3-2: Foul Ball, location: 2F 3-2: Base on Balls
|
|
Batting: RHB Jeff Schumaker
|
0-0: Called Strike 0-1: Fielders Choice at 2nd, 6-4 (Groundball, 56, EV 88.8 MPH)
|
|
Batting: SHB Mike Thorpe
|
0-0: Ball 1-0: Foul Ball, location: 2F 1-1: Ball 2-1: Fly out, F7 (Line Drive, 7, EV 106.9 MPH)
|
| Top of the 8th over - 0 runs, 0 hits, 0 errors, 1 left on base; Montgomery 0 - Asheville 0 |
| BOTTOM OF THE 8TH |
|
Asheville Tourists batting - Pitching for Montgomery Rebels : RHP Ricardo Posada
|
|
Batting: SHB Wayne Simmons
|
0-0: Called Strike 0-1: Foul Ball, location: 2F 0-2: Fly out, F7 (Flyball, 7, EV 84.4 MPH)
|
|
Batting: RHB Ulises Infante
|
0-0: Swinging Strike 0-1: Swinging Strike 0-2: Ball 1-2: Strikes out swinging
|
|
Batting: LHB Elias Nava
|
0-0: Called Strike 0-1: Ball 1-1: Ball 2-1: Swinging Strike 2-2: Ground out 6-3 (Groundball, 6MS, EV 70.0 MPH)
|
| Bottom of the 8th over - 0 runs, 0 hits, 0 errors, 0 left on base; Montgomery 0 - Asheville 0 |
| TOP OF THE 9TH |
|
Montgomery Rebels batting - Pitching for Asheville Tourists : RHP Victor Cruz
|
|
Pinch Hitting: LHB Dustin Hipp
|
0-0: Ground out 6-3 (Groundball, 6, EV 90.6 MPH)
|
|
Batting: SHB Arthur Fischetti
|
0-0: Ball 1-0: Swinging Strike 1-1: Ball 2-1: Called Strike 2-2: Ball 3-2: Strikes out swinging
|
|
Batting: LHB Dwayne Murphy
|
0-0: Swinging Strike 0-1: SINGLE (Line Drive, 4D, EV 101.9 MPH)
|
|
Batting: LHB Ray Crowley
|
0-0: Ball 1-0: Ball 2-0: Ball 3-0: Called Strike 3-1: Foul Ball, location: 2F 3-2: Strikes out looking
|
| Top of the 9th over - 0 runs, 1 hit, 0 errors, 1 left on base; Montgomery 0 - Asheville 0 |
| BOTTOM OF THE 9TH |
|
Asheville Tourists batting - Pitching for Montgomery Rebels : RHP Ricardo Posada
|
|
Now at C: Michael Shinn
|
|
|
Batting: LHB Michael Wishnevski
|
0-0: Called Strike 0-1: Swinging Strike 0-2: Strikes out swinging
|
|
Batting: SHB Dan Hanggie
|
0-0: Called Strike 0-1: Ball 1-1: Called Strike 1-2: Strikes out swinging
|
|
Batting: LHB Donald Mazzilli
|
0-0: Called Strike 0-1: Foul Ball, location: 2F 0-2: Ball 1-2: Fly out, F8 (Flyball, 8LS, EV 90.6 MPH)
|
| Bottom of the 9th over - 0 runs, 0 hits, 0 errors, 0 left on base; Montgomery 0 - Asheville 0 |
| TOP OF THE 10TH |
|
Montgomery Rebels batting - Pitching for Asheville Tourists : RHP Victor Cruz
|
|
Batting: RHB Milt Jefferson
|
0-0: Ball 1-0: Ball 2-0: Foul Ball, location: 2F 2-1: SOLO HOME RUN (Flyball, 7D, EV 98.1 MPH), Distance : 370 ft
|
|
Pitching: RHP Michael Culbert
|
|
|
Batting: RHB Nate Tria
|
0-0: Called Strike 0-1: Foul Ball, location: 2F 0-2: Foul Ball, location: 2F 0-2: Fly out, F7 (Flyball, 78M, EV 93.1 MPH)
|
|
Batting: RHB Roberto Palacios
|
0-0: Ball 1-0: Called Strike 1-1: Ball 2-1: Foul Ball, location: 2F 2-2: Fly out, F5 (Line Drive, 6, EV 65.0 MPH)
|
|
Batting: RHB Jeff Schumaker
|
0-0: Called Strike 0-1: Ball 1-1: Foul Ball, location: 2F 1-2: Ball 2-2: Ball 3-2: Ground out 6-3 (Groundball, 4MS, EV 87.5 MPH)
|
| Top of the 10th over - 1 run, 1 hit, 0 errors, 0 left on base; Montgomery 1 - Asheville 0 |
| BOTTOM OF THE 10TH |
|
Asheville Tourists batting - Pitching for Montgomery Rebels : RHP Ricardo Posada
|
|
Batting: RHB Gareth Ledbetter
|
0-0: Foul Ball, location: 2F 0-1: Hit by Pitch
|
|
Batting: LHB Daniel McInerny
|
0-0: Sac Bunt to 15 - play at first, batter OUT! 1-3 Gareth Ledbetter to second
|
|
Pinch Hitting: LHB Steven Morrison
|
0-0: Ball 1-0: Ball Wild Pitch! Gareth Ledbetter to third 2-0: Foul Ball, location: 2F 2-1: Fly out, F9 (Flyball, 89M, EV 90.0 MPH)
|
|
Pinch Hitting: RHB Wes Robbins
|
0-0: Ball 1-0: Called Strike 1-1: Foul Ball, location: 2F 1-2: Ball 2-2: Strikes out looking
|
| Bottom of the 10th over - 0 runs, 0 hits, 0 errors, 1 left on base; Montgomery 1 - Asheville 0 |
|